 Dungeon Crawl Stone Soup version 0.26.0-20-g3ca415f5b8 (webtiles) character file.

Game seed: 6849007327145699607

376 mg7810 the Chopper (level 6, -1/52 HPs)
             Began as a Hill Orc Monk on Jan 23, 2021.
             Was a Believer of Ashenzari.
             Slain by an ogre
             ... wielding a +0 giant club
              (13 damage)
             ... on level 4 of the Dungeon on Jan 24, 2021.
             The game lasted 00:09:32 (4198 turns).

mg7810 the Chopper (Hill Orc Monk)                  Turns: 4198, Time: 00:09:32

Health: -1/52      AC:  9    Str: 16    XL:     6   Next: 73%
Magic:  6/6        EV:  8    Int: 10    God:    Ashenzari [**....]
Gold:   218        SH:  0    Dex: 13    Spells: 5/5 levels left

rFire    . . .     SeeInvis .   a - +1 hand axe
rCold    + . .     Faith    .   (no shield)
rNeg     . . .     Spirit   .   c - +0 chain mail
rPois    .         Reflect  .   (no helmet)
rElec    .         Harm     .   (no cloak)
rCorr    .         Rampage  .   (no gloves)
Will     .....                  (no boots)
Stlth    ..........             (no amulet)
HPRegen  0.17/turn              j - ring of protection from cold
MPRegen  0.10/turn              (no ring)

@: lethally poisoned (-1 -> -4)
A: no striking features
a: Renounce Religion, Curse Item, Scrying


You were on level 4 of the Dungeon.
You worshipped Ashenzari.
Ashenzari was pleased with you.
You visited 1 branch of the dungeon, and saw 4 of its levels.

You collected 218 gold pieces.

Inventory:

Hand Weapons
 a - a +1 hand axe (weapon)
Missiles
 e - 13 boomerangs
 l - 4 curare-tipped darts (quivered)
Armour
 c - a +0 chain mail (worn)
Magical Staves
 m - an uncursed staff of cold
Jewellery
 j - a ring of protection from cold (left hand)
Scrolls
 d - a scroll of identify {unknown}
 g - a scroll of immolation {unknown}
 h - a scroll of magic mapping
 i - a scroll of teleportation
Potions
 b - 2 potions of attraction {unknown}
 f - a potion of flight {unknown}
 k - a potion of brilliance {unknown}


   Skills:
 + Level 4.2 Fighting
 + Level 6.1 Axes
 * Level 1.6 Throwing
 * Level 3.0 Armour
 + Level 2.9 Dodging
 - Level 1.5 Stealth
 * Level 2.3 Unarmed Combat
 * Level 1.8 Evocations


You had 5 spell levels left.
You didn't know any spells.
Your spell library was empty.

Dungeon Overview and Level Annotations

Branches:
Dungeon (4/15)
 Temple: D:4-7

Altars:
Ashenzari
Kikubaaqudgha
Nemelex Xobeh
Okawaru
Ru
Trog
Vehumet
Xom
Zin
The Shining One


Message History

Your Armour skill increases to level 3!
You barely miss the ogre. You closely miss the orc. The ogre misses you.
The orc hits you but does no damage.
You barely miss the ogre. You hit the orc.
You kill the orc!
You feel sick. The ogre hits you with a +0 giant club!
You hit the ogre.
The ogre is lightly wounded.
You feel sick. The ogre barely misses you.
Your chain mail prevents you from hitting the ogre.
The ogre is lightly wounded.
You barely miss the ogre.
The ogre is lightly wounded.
You feel sick. The ogre hits you with a +0 giant club!
* * * LOW HITPOINT WARNING * * *
The orc throws a stone.
The stone closely misses you.
You barely miss the ogre.
The ogre is lightly wounded.
The ogre hits you with a +0 giant club!
You die...

#* .# ..#
...## *#..##
##..## ##..##
### ##..##
###_###
##..##
#...)@#
##..###♣.oO♣#
*
##..##...B.#
, #..##♣...♣#
##.####'## *
#......#
#....### ,
##...## *
##....#


You could see an ogre, a worker ant and an orc.

Vanquished Creatures
  A howler monkey (D:4)
  3 orc priests
  2 orc wizards
  Jessica (D:3)
  A bullfrog skeleton (D:4)
  A worker ant (D:4)
  3 adders
  2 worms
  A dart slug (D:2)
  5 leopard geckos
  11 orcs
  2 bats
  A bat zombie (D:3)
  2 giant cockroaches
  6 goblins
  4 hobgoblins
  6 jackals
  A kobold (D:1)
  2 quokkas
  5 frilled lizards
  10 rats
  2 rat zombies (D:3)
72 creatures vanquished.

Notes
Turn   | Place    | Note
-------+----------+-------------------------------------------
     0 | D:1      | mg7810 the Hill Orc Monk began the quest for the Orb.
     0 | D:1      | Reached XP level 1. HP: 19/19 MP: 1/1
   205 | D:1      | Reached XP level 2. HP: 27/27 MP: 2/2
   973 | D:1      | Reached XP level 3. HP: 27/33 MP: 3/3
  1431 | D:2      | Reached skill level 1 in Unarmed Combat
  1600 | D:2      | Found a shimmering altar of Xom.
  1746 | D:2      | Found a broken altar of Ashenzari.
  1785 | D:2      | Reached skill level 1 in Armour
  2022 | D:2      | Found a radiant altar of Vehumet.
  2156 | D:2      | Reached XP level 4. HP: 39/40 MP: 4/4
  2402 | D:2      | Became a worshipper of Ashenzari the Shackled
  2402 | D:2      | Reached * piety under Ashenzari
  2402 | D:2      | Reached ** piety under Ashenzari
  2630 | D:3      | Reached skill level 1 in Throwing
  2669 | D:3      | Reached XP level 5. HP: 15/46 MP: 5/5
  2972 | D:3      | Reached skill level 5 in Axes
  3203 | D:3      | Found an iron altar of Okawaru.
  3346 | D:3      | Noticed Jessica
  3354 | D:3      | Killed Jessica
  3439 | D:3      | Found an ancient bone altar of Kikubaaqudgha.
  3582 | D:3      | Found a sparkling altar of Nemelex Xobeh.
  3589 | D:3      | Found a sacrificial altar of Ru.
  3590 | D:3      | Found a bloodstained altar of Trog.
  3593 | D:3      | Found a glowing silver altar of Zin.
  3886 | D:4      | Reached skill level 1 in Evocations
  3890 | D:4      | Upgraded the game from 0.26.0-18-gc5c842f807 to
                  | 0.26.0-20-g3ca415f5b8
  3895 | D:4      | Found a glowing golden altar of the Shining One.
  3906 | D:4      | Reached XP level 6. HP: 32/52 MP: 6/6
  3930 | D:4      | Reached skill level 6 in Axes
  4198 | D:4      | Slain by an ogre

Illustrated notes

Levels and vault maps discovered:
D:1:      dpeg_arrival_stone_temple_mockup, layout_basic, minmay_split_cup_small
D:2:      layout_loops_ring, nicolae_overflow_hidden_temple, vehumet_crystals,
          nicolae_ashenzari_panopticon, guppyfry_early_orc_mine
D:3:      layout_loops_ring, lemuel_zombie_altar_kikubaaqudgha,
          okawaru_ov_weapons_minmay, minitemple, minmay_misc_feat_four_crosses,
          uniq_jessica
D:4:      layout_layer_cave, serial_shops, nicolae_shop_waterfront, tso_altar

Skill      XL: |  1  2  3  4  5  6 |
---------------+-------------------+-----
Unarmed Combat | 1 2 |  2.3
Fighting       | 4 |  4.2
Armour         | 1 2 3 |  3.0
Throwing       | 1 |  1.6
Axes           | 5 6 |  6.1
Evocations     | 1 |  1.8
Dodging        | |  2.9
Stealth        | |  1.5

Action                   |  1- 3 |  4- 6 || total
-------------------------+-------+-------++-------
Melee: Hand axe          |   133 |   181 ||   314
       Punch             |       |     1 ||     1
Throw: Dart              |       |     1 ||     1
  Use: Scroll            |       |     6 ||     6
       Potion            |       |     3 ||     3
Armor: Robe              |     7 |       ||     7
       Scale mail        |    41 |     4 ||    45
       Chain mail        |       |   123 ||   123
Dodge: Dodged            |    86 |    78 ||   164
